 Dungeon Crawl Stone Soup version 0.27.1-3-gb3d3a73c9e (webtiles) character file.

Game seed: 11446923686912748261

95 belegose the Sneak (level 4, -3/38 HPs)
             Began as a Ghoul Brigand on Oct 12, 2021.
             Slain by an orc (4 damage)
             ... on level 3 of the Dungeon.
             The game lasted 00:05:28 (3101 turns).

belegose the Sneak (Ghoul Brigand)                  Turns: 3101, Time: 00:05:30

Health: -3/38      AC:  8    Str: 14    XL:     4   Next: 66%
Magic:  3/3        EV:  9    Int:  7    God:
Gold:   64         SH:  0    Dex: 10    Spells: 3/3 levels left

rFire    . . .     SeeInvis +   s - +0 mace
rCold    + . .     Faith    .   (no shield)
rNeg     + + +     Spirit   .   t - +0 scale mail
rPois    ∞         Reflect  .   (no helmet)
rElec    .         Harm     .   c - +0 cloak
rCorr    .         Rampage  .   p - +0 pair of gloves
Will     .....                  (no boots)
Stlth    +.........             (no amulet)
HPRegen  0.00/turn              i - ring of see invisible
MPRegen  0.08/turn              (no ring)

@: inhibited regen
A: claws 1, cold resistance 1, negative energy resistance 3, inhibited
regeneration, torment resistance 2
a: no special abilities


You were on level 3 of the Dungeon.
You visited 1 branch of the dungeon, and saw 3 of its levels.

You collected 119 gold pieces.
You spent 55 gold pieces at shops.

Inventory:

Hand Weapons
 a - a +2 dagger
 s - a +0 mace (weapon)
Missiles
 d - 8 poisoned darts (quivered)
 e - 2 curare-tipped darts
 o - 105 stones
 q - 8 atropa-tipped darts
Armour
 c - a +0 cloak (worn)
 p - a +0 pair of gloves (worn)
 t - a +0 scale mail (worn)
Jewellery
 i - a ring of see invisible (left hand)
Scrolls
 f - 3 scrolls of immolation {unknown}
 h - 2 scrolls of silence {unknown}
 j - a scroll of noise {unknown}
 k - 2 scrolls of identify {unknown}
Potions
 b - a potion of haste {unknown}
 l - a potion of ambrosia {unknown}
 m - a potion of heal wounds
 n - a potion of curing {unknown}
 r - a potion of cancellation {unknown}


   Skills:
 + Level 3.1 Fighting
 - Level 2.4 Short Blades
 + Level 0.2 Maces & Flails
 + Level 2.6 Throwing
 + Level 1.1 Armour
 - Level 1.4 Dodging
 - Level 4.5 Stealth


You had 3 spell levels left.
You didn't know any spells.
Your spell library contained the following spells:

 Spells                   Type           Power      Damage    Failure   Level
 Airstrike                Air            0%         N/A       100%        4
 Summon Lightning Spire   Summ/Air       0%         N/A       100%        4
 Lightning Bolt           Conj/Air       0%         1d11      100%        5


Dungeon Overview and Level Annotations

Branches:
Dungeon (3/15)

Altars:
Yredelemnul

Shops:
D:1 !


Innate Abilities, Weirdness & Mutations

You thrive by killing the living.
You are immune to poison.
You have sharp fingernails.
Your flesh is cold resistant. (rC+)
You are immune to negative energy. (rN+++)
You do not regenerate when monsters are visible.
You are immune to unholy pain and torment.


Message History

You kill the orc!
You feel better.
You see here a +0 short sword.
Found an escape hatch in the floor.
There is an escape hatch in the floor here.
An orc comes into view. It is wielding a +0 flail.
Found a faded altar of an unknown god.
The orc shouts!
An orc, an orc priest and an orc wizard come into view.
The orc priest is wielding a +1 dagger of freezing.
The orc shouts!
The orc priest shouts!
An orc comes into view. It is wielding a +0 short sword.
The orc wizard moves out of view.
You hit the orc.
The orc is heavily wounded.
The orc hits you with a +0 flail. x2
You hit the orc.
You kill the orc!
You feel better. The orc hits you but does no damage.
The orc priest calls down the wrath of Beogh upon you.
Beogh smites you!
You hear a shout!
Things that are here:
a +0 flail; a +0 ring mail; an orc corpse You closely miss the orc.
The orc hits you with a +0 short sword.
You completely miss the orc priest.
The orc priest hits you but does no damage.
The orc hits you with a +0 short sword.
You closely miss the orc priest.
The orc priest hits you with a +1 dagger of freezing.
The orc hits you with a +0 short sword.
You hit the orc priest.
The orc priest is lightly wounded.
The orc hits you with a +0 short sword. The orc priest closely misses you.
The orc priest mumbles some strange prayers to Beogh against you.
Beogh smites you!
* * * LOW HITPOINT WARNING * * *
The orc hits you with a +0 short sword.
You die...

#.# #.#
#..........## #.
#.# ###.....####...
#
#######.###....####
###.
........>.÷..[## #.
#######.#....## #.
#...#### ###. #.
######...# #...
..##..o..oo##
####.#.
##.##..#####@#
###....#. ##..#..##
#.# ####...####.
#..##.## #.#
#....### ##
####.#...# #.#
##.#### #....o..##
#.####.># #....o..#
#.##...## ........#
#....### #.......#
###### ........#


You could see an orc priest and 2 orcs.

Vanquished Creatures
  A gnoll (D:1)
  2 adders
  A dart slug (D:1)
  6 orcs
  4 endoplasms
  3 giant cockroaches (D:2)
  4 goblins
  4 hobgoblins (D:1)
  11 jackals
  3 quokkas
  5 ball pythons
  2 bats (D:1)
  2 frilled lizards (D:1)
  3 kobolds
  4 rats
55 creatures vanquished.

Vanquished Creatures (others)
  A plant (D:3)
1 creature vanquished.

Grand Total: 56 creatures vanquished

Notes
Turn   | Place    | Note
-------+----------+-------------------------------------------
     0 | D:1      | belegose the Ghoul Brigand began the quest for the Orb.
     0 | D:1      | Reached XP level 1. HP: 17/17 MP: 0/0
    32 | D:1      | Reached skill level 1 in Dodging
   138 | D:1      | Reached XP level 2. HP: 20/25 MP: 1/1
   448 | D:1      | Reached XP level 3. HP: 29/30 MP: 2/2
   592 | D:1      | Found Ifoffieg's Distillery.
   598 | D:1      | Bought a potion of heal wounds for 55 gold pieces
  1771 | D:2      | Reached XP level 4. HP: 37/37 MP: 3/3
  2311 | D:2      | Reached skill level 1 in Armour
  2995 | D:3      | Found a basalt altar of Yredelemnul.
  3076 | D:3      | Found a faded altar of an unknown god.
  3101 | D:3      | HP: 1/38 [orc priest/divine providence (12)]
  3101 | D:3      | Slain by an orc

Illustrated notes

Levels and vault maps discovered:
D:1:      dpeg_arrival_pits, layout_loops_corners, serial_shops,
          nicolae_diamond_shop, minmay_misc_feat_square
D:2:      layout_loops_corners
D:3:      layout_rooms, mainiacjoe_overflow_boulevard, lemuel_round_altar,
          chequers_ecumenical_altar_simple_redux

Skill      XL: |  1  2  3  4 |
---------------+-------------+-----
Dodging        | 1 |  1.4
Throwing       | 2 |  2.6
Short Blades   | 2 |  2.4
Fighting       | 3 |  3.1
Armour         | 1 |  1.1
Maces & Flails | |  0.2
Stealth        | |  4.5

Action                   |  1- 3 |  4- 6 || total
-------------------------+-------+-------++-------
Melee: Dagger            |   167 |    76 ||   243
       Mace              |       |    33 ||    33
 Stab: Sleeping          |     3 |       ||     3
Armor: Robe              |     2 |       ||     2
       Ring mail         |    63 |    28 ||    91
       Scale mail        |       |    10 ||    10
Dodge: Dodged            |    73 |    48 ||   121
